 Dungeon Crawl Stone Soup version 0.30-a0-137-gd8773701ce (webtiles) character file.

Game seed: 8446736686288526788

1246 Pilot the Digger (level 8, 0/41 HPs)
             Began as a Gargoyle Earth Elementalist on Sept 21, 2022.
             Was a Follower of Vehumet.
             Killed by divine providence
             ... invoked by an orc priest
              (16 damage)
             ... on level 6 of the Dungeon on Sept 22, 2022.
             The game lasted 00:33:30 (4776 turns).

Pilot the Digger (Gargoyle Earth Elementalist)      Turns: 4776, Time: 00:33:31

Health: 0/41       AC:  9    Str: 12    XL:     8   Next: 50%
Magic:  10/12      EV: 12    Int: 20    God:    Vehumet [*.....]
Gold:   261        SH:  0    Dex: 10    Spells: 11/13 levels left

rFire   . . .      SeeInvis .    c - +1 short sword (venom)
rCold   . . .      Faith    .    (no shield)
rNeg    + . .      Spirit   .    a - +0 robe
rPois   ∞          Reflect  .    (no helmet)
rElec   +          Harm     .    u - +0 cloak "Mawk" {rCorr Int+2}
rCorr   +          Rampage  .    i - +0 pair of gloves
Will    +....                    (no boots)
Stlth   +++.......               (no amulet)
HPRegen 0.13/turn                r - ring of willpower
MPRegen 0.13/turn                q - ring of resist corrosion

@: no status effects
A: sickness immunity, AC +5, negative energy resistance 1, electricity
resistance, torment resistance 1, petrification resistance
a: Renounce Religion


You were on level 6 of the Dungeon.
You worshipped Vehumet.
Vehumet was aware of your devotion.
You visited 1 branch of the dungeon, and saw 6 of its levels.

You collected 261 gold pieces.

Inventory:

Hand Weapons
 c - a +1 short sword of venom (weapon)
Missiles
 p - 5 silver boomerangs
 s - 3 curare-tipped darts
Armour
 a - a +0 robe (worn)
 i - a +0 pair of gloves (worn)
 u - the +0 cloak "Mawk" (worn) {rCorr Int+2}
   (You found it on level 4 of the Dungeon)

   Int:       It affects your intelligence (+2).
   rCorr:     It protects you from acid and corrosion.
 z - the +8 plate armour "Bentorol" {Fly rElec rN+}
   (You found it on level 5 of the Dungeon)

   rElec:     It insulates you from electricity.
   rN:        It protects you from negative energy.
   Fly:       It grants you flight.
Jewellery
 q - a ring of resist corrosion (right hand)
 r - a ring of willpower (left hand)
Wands
 t - a wand of flame (12)
Scrolls
 f - 2 scrolls of teleportation {unknown}
 h - 7 scrolls of identify {unknown}
 j - 3 scrolls of enchant armour {unknown}
 l - a scroll of magic mapping {unknown}
 m - 2 scrolls of poison {unknown}
 n - 3 scrolls of blinking {unknown}
 o - 3 scrolls of noise {unknown}
 w - a scroll of enchant weapon {unknown}
 x - a scroll of brand weapon {unknown}
 y - a scroll of fear {unknown}
Potions
 d - 2 potions of heal wounds {unknown}
 e - a potion of lignification {unknown}
 g - 3 potions of degeneration {unknown}
 k - 4 potions of curing {unknown}
 v - a potion of attraction {unknown}
 A - a potion of ambrosia {unknown}


   Skills:
 + Level 2.4 Throwing
 + Level 3.7 Dodging
 + Level 5.5 Stealth
 - Level 3.2 Spellcasting
 + Level 3.4 Transmutations
 + Level 6.1 Earth Magic
 + Level 2.3 Evocations


You had 11 spell levels left.
You knew the following spells:

 Your Spells              Type           Power      Damage    Failure   Level
a - Sandblast             Erth           54%        2d13      1%          1
b - Foxfire               Conj/Fire      12%        2x1d4     14%         1

Your spell library contained the following spells:

 Spells                   Type           Power      Damage    Failure   Level
 Passwall                 Tmut/Erth      18%        N/A       3%          2
 Wereblood                Tmut           17%        N/A       4%          2
 Stone Arrow              Conj/Erth      30%        3d8       12%         3
 Petrify                  Tmut/Erth      22%        N/A       19%         4
 Poisonous Vapours        Pois/Air       6%         N/A       22%         2
 Static Discharge         Conj/Air       6%         2-3/arc   22%         2
 Dazzling Flash           Conj/Hex       6%         N/A       38%         3
 Frozen Ramparts          Ice            6%         1d1       38%         3
 Ice Form                 Ice/Tmut       10%        N/A       56%         4
 Anguish                  Hex/Necr       1%         N/A       80%         4
 Flame Wave               Conj/Fire      3%         2d5       80%         4
 Summon Ice Beast         Ice/Summ       3%         N/A       80%         4
 Agony                    Necr           3%         N/A       98%         5
 Arcjolt                  Conj/Air       1%         1d11      98%         5
 Lightning Bolt           Conj/Air       1%         1d12      98%         5
 Maxwell's Capacitive Co  Air            1%         ∞         100%        8
 Cigotuvi's Dreadful Rot  Necr/Pois/Air  Unusable   N/A       N/A         2

Dungeon Overview and Level Annotations

Branches:
Dungeon (6/15)
 Temple: D:4-7

Altars:
Ashenzari
Gozag
Kikubaaqudgha
Vehumet
Wu Jian
The Shining One

Shops:
D:4 ::((:


Innate Abilities, Weirdness & Mutations

You are immune to sickness and miasma.
Your stone body is resilient. (AC +5)
You are immune to poison.
You resist negative energy. (rN+)
You are resistant to electric shocks. (rElec)
You are resistant to unholy torment.
You are immune to petrification.


Message History

Aiming: Sandblast (safe; 1% risk of failure)
Press: ? - help, Shift-Dir - straight line, f - orc, p - orc priest
Aim: an orc, wielding a +0 short sword and wearing a +0 leather armour (83% to hit)
The blast of sand hits the orc priest!
You kill the orc priest!
Vehumet accepts your kill.
You hear a shout!
Magic courses through your body.
The orc priest hits you but does no damage.
Casting: Sandblast (safe; 1% risk of failure)
Confirm with . or Enter, or press ? or * to list all spells.
Aiming: Sandblast (safe; 1% risk of failure)
Press: ? - help, Shift-Dir - straight line, f/p - orc
Aim: an orc, wielding a +0 short sword and wearing a +0 leather armour (83% to hit)
The blast of sand hits the orc priest!
The orc priest is heavily wounded.
A nearby plant withers and dies.
The orc priest hits you but does no damage.
The orc priest barely misses you.
Casting: Sandblast (safe; 1% risk of failure)
Confirm with . or Enter, or press ? or * to list all spells.
Aiming: Sandblast (safe; 1% risk of failure)
Press: ? - help, Shift-Dir - straight line, f/p - orc
Aim: an orc, wielding a +0 short sword and wearing a +0 leather armour (83% to hit)
The blast of sand misses the orc priest.
The blast of sand hits the orc!
You kill the orc!
Vehumet accepts your kill.
You feel your power returning.
The orc priest looks braver for a moment.
Casting: Sandblast (safe; 1% risk of failure)
Confirm with . or Enter, or press ? or * to list all spells.
Aiming: Sandblast (safe; 1% risk of failure)
Press: ? - help, Shift-Dir - straight line, f/p - orc
Aim: an orc, wielding a +0 short sword and wearing a +0 leather armour (83% to hit)
The blast of sand hits the orc priest.
The orc priest is heavily wounded.
The orc priest calls down the wrath of Beogh upon you.
Beogh smites you!
You die...

.< ##### #.######## .....
#........# ...... #.#
#........#####...... #..#
##............+...>.. #...
.'........#.........$ #..
#.......###.....o...
###..###......##@##..⌠.....
.......#####...##oo........
#.............#..P.......
#..).........P~~..####
#.##.#.....)......#
#..#.##..........##
#<.#.##.........##
#....[#.###..#######
##......# ##...


You could see an orc priest and an orc.

Vanquished Creatures
  Sigmund (D:3)
  A black bear (D:4)
  An ice beast (D:5)
  2 phantoms (D:5)
  A scorpion (D:4)
  A necrophage (D:5)
  2 jellies
  A hound (D:5)
  5 orc priests
  4 iguanas (D:5)
  4 orc wizards
  A statue (D:3)
  6 adders
  An ufetubus (D:4)
  3 dart slugs
  19 orcs
  9 endoplasms
  2 giant cockroaches
  6 goblins
  12 hobgoblins
  5 jackals
  2 quokkas
  5 ball pythons
  4 bats
  5 frilled lizards
  7 kobolds
  3 rats
113 creatures vanquished.

Vanquished Creatures (others)
  17 foxfires
  3 plants
20 creatures vanquished.

Grand Total: 133 creatures vanquished

Notes
Turn   | Place    | Note
-------+----------+-------------------------------------------
     0 | D:1      | Pilot the Gargoyle Earth Elementalist began the quest for
                  | the Orb.
     0 | D:1      | Reached XP level 1. HP: 10/10 MP: 3/3
   205 | D:1      | Reached skill level 1 in Transmutations
   205 | D:1      | Reached XP level 2. HP: 12/15 MP: 0/5
   915 | D:1      | Reached XP level 3. HP: 19/19 MP: 3/6
   952 | D:1      | Found a faded altar of an unknown god.
  1008 | D:2      | Reached skill level 4 in Earth Magic
  1383 | D:2      | Reached XP level 4. HP: 24/24 MP: 3/7
  1851 | D:3      | Found a radiant altar of Vehumet.
  1851 | D:3      | Noticed a frost-covered statue
  1885 | D:3      | Killed a frost-covered statue
  1898 | D:3      | Became a worshipper of Vehumet
  1913 | D:3      | Noticed Sigmund
  1920 | D:3      | Killed Sigmund
  1921 | D:3      | Reached XP level 5. HP: 28/28 MP: 5/9
  1921 | D:3      | Reached XP level 6. HP: 32/32 MP: 5/10
  2139 | D:3      | Found an opulent altar of Gozag.
  2510 | D:4      | Identified the +0 cloak "Mawk" {rCorr Int+2}
  2552 | D:4      | Reached skill level 5 in Earth Magic
  2661 | D:4      | Found Uwadyecu's Book Emporium.
  2997 | D:4      | Found Somucrivue's Antique Weapon Shoppe.
  3024 | D:4      | Reached XP level 7. HP: 36/36 MP: 8/11
  3067 | D:4      | Found Puxaes's Book Shop.
  3136 | D:4      | Reached skill level 1 in Evocations
  3196 | D:4      | Found Ifeumyubb's Book Boutique.
  3205 | D:4      | Found an ancient bone altar of Kikubaaqudgha.
  3209 | D:4      | Found Ythecve's Antique Weapon Boutique.
  3210 | D:4      | Reached * piety under Vehumet
  3210 | D:4      | Offered knowledge of Foxfire by Vehumet.
  3216 | D:4      | Reached skill level 1 in Throwing
  3355 | D:5      | Entered Level 5 of the Dungeon
  3596 | D:5      | Learned a level 1 spell: Foxfire
  3643 | D:5      | Reached skill level 5 in Stealth
  3746 | D:5      | Reached XP level 8. HP: 41/41 MP: 9/12
  3817 | D:5      | Identified the +8 plate armour "Bentorol" {Fly rElec rN+}
  4211 | D:5      | Reached skill level 6 in Earth Magic
  4494 | D:5      | Found an ornate altar of the Wu Jian Council.
  4499 | D:5      | Found a broken altar of Ashenzari.
  4582 | D:6      | Got the Lectures on the Unstable Crypt
  4736 | D:6      | Got the Incunable of the Injurious Oath
  4759 | D:6      | Found a glowing golden altar of the Shining One.
  4776 | D:6      | Killed from afar by an orc priest

Illustrated notes

Levels and vault maps discovered:
D:1:      dpeg_arrival_round_b, layout_loops_ring,
          shapermc_ecumenical_altar_petra
D:2:      layout_rooms
D:3:      layout_rooms, vehumet_statue,
          nicolae_gozag_cash_rules_everything_around_me, uniq_sigmund
D:4:      layout_basic, nicolae_overflow_hidden_temple, serial_shops,
          nicolae_shop_behind_doors, shop, nicolae_lakefront_shop,
          kennysheep_little_box, kennysheep_mini, kennysheep_windowed_goal
D:5:      layout_loops_ring, amethyst_overflow_temple_binary,
          kennysheep_cross_room, st_stairs_14
D:6:      layout_basic, tso_oasis_becter, enter_ossuary_1

Skill      XL: |  1  2  3  4  5  6  7  8 |
---------------+-------------------------+-----
Transmutations | 1 2 3 |  3.4
Earth Magic    | 4 5 6 |  6.1
Dodging        | 2 3 |  3.7
Stealth        | 3 4 5 |  5.5
Spellcasting   | 3 |  3.2
Evocations     | 1 2 |  2.3
Throwing       | 1 2 |  2.4

Action                   |  1- 3 |  4- 6 |  7- 9 || total
-------------------------+-------+-------+-------++-------
Melee: Short sword       |    26 |    21 |    17 ||    64
Throw: Boomerang         |       |    11 |       ||    11
       Dart              |       |     1 |     1 ||     2
 Cast: Sandblast         |    56 |    66 |    78 ||   200
       Foxfire           |       |       |    12 ||    12
Evoke: Wand              |       |       |     3 ||     3
  Use: Potion            |       |       |     1 ||     1
Armor: Robe              |    18 |    17 |    17 ||    52
Dodge: Dodged            |    35 |    26 |    22 ||    83

Table legend: (Time is in decaauts)
 A = Elapsed time spent in this place.
 B = Non-inter-level travel time spent in this place.
 C = Inter-level travel time spent in this place.
 D = Time resting spent in this place.
 E = Time spent auto-exploring this place.
 F = Levels seen in this place.
 G = Mean time per level.
                   A        B        C        D        E       F      G
               +--------+--------+--------+--------+--------+-----+--------+
         Total |   4876 |   4035 |    841 |      0 |   2916 |   6 |  812.7 |
       Dungeon |   4876 |   4035 |    841 |      0 |   2916 |   6 |  812.7 |
               +--------+--------+--------+--------+--------+-----+--------+

Top non-repeatable levels by time:
     D:5: 1274 daAuts
     D:4: 991 daAuts
     D:1: 991 daAuts
     D:3: 737 daAuts
     D:2: 705 daAuts
     D:6: 175 daAuts
